 Dungeon Crawl Stone Soup version 0.30.2 (webtiles) character file.

Game seed: 8439679744134445372

613 porpoise the Trooper (level 7, -2/54 HPs)
             Began as a Djinni Earth Elementalist on Feb 12, 2024.
             Slain by an ice beast (13 damage)
             ... on level 5 of the Dungeon.
             The game lasted 00:15:55 (4092 turns).

porpoise the Trooper (Djinni Earth Elementalist)    Turns: 4092, Time: 00:15:55

Health: -2/54      AC:  5    Str:  7    XL:     7   Next: 73%
Gold:   120        EV: 12    Int: 18    God:
                   SH:  0    Dex: 14

rFire   + + +        a - +1 short sword (venom)
rCold   x . .        (no shield)
rNeg    . . .        c - +2 robe {Will+}
rPois   ∞            u - +1 hat
rElec   .            (no cloak)
rCorr   .            (no gloves)
SInv    .            (boots unavailable)
Will    +....        m - amulet of the acrobat
Stlth   ++           d - ring of protection from fire
HPRegen 0.29/turn    (no ring)
MPRegen 0.00/turn

%: acrobat, infuse magic (-3 HP)
@: flying
A: sickness immunity, fire resistance 2, cold vulnerability 1, float, innate
caster, HP casting, extra vitality 1
a: no special abilities


You were on level 5 of the Dungeon.
You visited 1 branch of the dungeon, and saw 5 of its levels.

You collected 247 gold pieces.
You spent 127 gold pieces at shops.

Inventory:

Hand Weapons
 a - a +1 short sword of venom (weapon)
Missiles
 q - 12 poisoned darts (quivered)
 v - a boomerang of dispersal
Armour
 c - a +2 robe of willpower (worn)
 u - a +1 hat (worn)
Magical Staves
 C - a staff of air
Jewellery
 d - a ring of protection from fire (left hand)
 l - an amulet of reflection
 m - an amulet of the acrobat (around neck)
Wands
 y - a wand of flame (10)
 E - a wand of iceblast (11)
Scrolls
 b - a scroll of noise
 e - 2 scrolls of blinking {unknown}
 f - 2 scrolls of immolation
 g - a scroll of enchant armour {unknown}
 h - a scroll of poison {unknown}
 i - 3 scrolls of teleportation
 n - a scroll of silence {unknown}
 o - a scroll of fog {unknown}
 x - a scroll of magic mapping
 D - a scroll of vulnerability
Potions
 j - 2 potions of invisibility
 k - a potion of resistance
 p - 4 potions of curing
 r - a potion of mutation {unknown}
 s - a potion of might {unknown}
 t - a potion of lignification {unknown}
 w - a potion of attraction {unknown}
 z - a potion of cancellation {unknown}
 A - 4 potions of brilliance
 B - a potion of haste {unknown}


   Skills:
 + Level 5.2 Fighting
 - Level 2.1 Dodging
 - Level 1.5 Stealth
 + Level 4.9 Spellcasting


You knew the following spells:

 Your Spells              Type           Power      Damage    Failure   Level
a - Sandblast             Erth           44%        2d11      1%          1
b - Passwall              Tmut/Erth      18%        N/A       2%          2
c - Stone Arrow           Conj/Erth      44%        3d9       5%          3
d - Petrify               Tmut/Erth      22%        N/A       17%         4
e - Shock                 Conj/Air       88%        1d8       1%          1
f - Call Imp              Summ           44%        N/A       2%          2
i - Ignite Poison         Fire/Tmut/Pois 22%        N/A       5%          3
Your spell library was empty.

Dungeon Overview and Level Annotations

Branches:
Dungeon (5/15)
 Temple: D:4-7

Altars:
Qazlal

Shops:
D:1 (   D:2 *(*


Innate Abilities, Weirdness & Mutations

You are immune to sickness and miasma.
You are immune to poison.
Your flesh is very heat resistant. (rF++)
You are vulnerable to cold. (rC-)
You float through the air rather than walking.
You learn spells naturally, not from books.
Your magical power is your life essence.
You have superior vitality. (+4 MHP)


Message History

Aim: an ice beast (83% to hit)
The blast of sand hits the ice beast!
The ice beast is heavily wounded.
The ice beast hits you. The ice beast freezes you!
You feel a terrible chill!
Casting: Sandblast (safe; 1% risk of failure)
Confirm with . or Enter, or press ? or * to list all spells.
Aiming: Sandblast (safe; 1% risk of failure)
Press: ? - help, Shift-Dir - straight line, f/p - ice beast
Aim: an ice beast (heavily wounded, 83% to hit)
The blast of sand hits the ice beast.
The ice beast is heavily wounded.
* * * LOW HITPOINT WARNING * * *
The ice beast barely misses you.
A hound comes into view.
The ice beast hits you but does no damage.
Casting: Sandblast (safe; 1% risk of failure)
Confirm with . or Enter, or press ? or * to list all spells.
Aiming: Sandblast (safe; 1% risk of failure)
Press: ? - help, Shift-Dir - straight line, f/p - ice beast
Aim: an ice beast (heavily wounded, 83% to hit)
The blast of sand hits the ice beast.
The ice beast is severely wounded.
The hound barks!
* * * LOW HITPOINT WARNING * * *
You hear a shout!
The orc hits you with a +0 club.
* * * LOW HITPOINT WARNING * * *
The ice beast barely misses you.
Casting: Sandblast (safe; 1% risk of failure)
Confirm with . or Enter, or press ? or * to list all spells.
Aiming: Sandblast (safe; 1% risk of failure)
Press: ? - help, Shift-Dir - straight line, f/p - ice beast
Aim: an ice beast (severely wounded, 83% to hit)
The blast of sand hits the ice beast.
The ice beast is almost dead.
* * * LOW HITPOINT WARNING * * *
The orc closely misses you. The ice beast hits you.
* * * LOW HITPOINT WARNING * * *
The ice beast freezes you!
You feel a terrible chill!
You die...

#...# .# ###...# >#
###<....# .# #.).#...##
$# ##.###....# .# ##..#
####.## ##.# ##..##
#..###$.# #..##
###......######
#.#####.........@Y.)....
#.......#######.o..h####
...###### #.#....<# .###
.<....#.# ## #.####.....
#. #.##. #. #.# ## ..
... ..


You could see an ice beast, a hound and an orc.

Vanquished Creatures
  An ogre (D:4)
  A centaur (D:4)
  3 electric eels (D:3)
  2 orc priests
  Jessica (D:2)
  An iguana (D:3)
  An orc wizard (D:4)
  Natasha (D:2)
  3 gnolls (D:2)
  3 adders
  2 dart slugs
  2 worms (D:4)
  9 orcs
  8 ball pythons
  4 endoplasms
  3 giant cockroaches
  5 goblins
  8 hobgoblins
  3 jackals (D:3)
  5 kobolds
  5 quokkas
  6 bats
  5 frilled lizards
  7 rats
89 creatures vanquished.

Vanquished Creatures (collateral kills)
  Natasha (D:2)
1 creature vanquished.

Grand Total: 90 creatures vanquished

Notes
Turn   | Place    | Note
-------+----------+-------------------------------------------
     0 | D:1      | porpoise the Djinni Earth Elementalist began the quest for
                  | the Orb.
     0 | D:1      | porpoise set off with the following spells memorised:
                  | Sandblast, Passwall, Stone Arrow, Petrify.
     0 | D:1      | Reached XP level 1. HP: 15/15 MP: 0/0
   205 | D:1      | Reached XP level 2. HP: 15/22 MP: 0/0
   522 | D:1      | Found Zosaface's Weapon Emporium.
   533 | D:1      | Reached skill level 1 in Fighting
   685 | D:1      | Reached XP level 3. HP: 26/27 MP: 0/0
   685 | D:1      | Learned a level 1 spell: Shock
  1009 | D:2      | Found a stormy altar of Qazlal.
  1047 | D:2      | Noticed Jessica
  1048 | D:2      | Killed Jessica
  1049 | D:2      | Reached XP level 4. HP: 32/33 MP: 0/0
  1110 | D:2      | Reached skill level 2 in Fighting
  1261 | D:2      | Found Xyipuas's Assorted Antiques.
  1270 | D:2      | Bought a scroll labelled TIZODO FU PIO for 27 gold pieces
  1270 | D:2      | Bought a black potion for 24 gold pieces
  1270 | D:2      | Bought a scroll labelled EMITOC MATI for 27 gold pieces
  1285 | D:2      | Noticed Natasha
  1287 | D:2      | Reached XP level 5. HP: 38/39 MP: 0/0
  1287 | D:2      | Learned a level 2 spell: Call Imp
  1291 | D:2      | Killed Natasha
  1473 | D:2      | Found Goet's Antique Weapon Shop.
  1508 | D:2      | Bought a murky amethyst potion for 24 gold pieces
  1576 | D:2      | Found Siru's Assorted Antiques.
  1584 | D:2      | Bought a scroll labelled LUEGEU LY BOIJU for 25 gold pieces
  1706 | D:2      | Noticed Natasha
  1725 | D:2      | Killed Natasha
  1726 | D:2      | Reached skill level 3 in Fighting
  1939 | D:2      | Found a faded altar of an unknown god.
  2157 | D:3      | Reached XP level 6. HP: 45/46 MP: 0/0
  2309 | D:3      | Found a transporter.
  2323 | D:3      | Found a transporter.
  2518 | D:3      | Reached skill level 4 in Fighting
  2660 | D:3      | Reached XP level 7. HP: 52/52 MP: 0/0
  2660 | D:3      | Learned a level 3 spell: Ignite Poison
  3468 | D:4      | Reached skill level 5 in Fighting
  3951 | D:5      | Entered Level 5 of the Dungeon
  4092 | D:5      | Slain by an ice beast

Illustrated notes

Levels and vault maps discovered:
D:1:      mrwooster_arrival_statue_2, layout_basic, serial_shops,
          nicolae_shop_waterfront, chequers_serial_rivers_room_b
D:2:      layout_basic, basic_altar, serial_shops, nicolae_shop_trees, shop,
          nicolae_shop_waterfront, dilly_ecumenical_altar_fadedgnrine,
          minivault_19, uniq_natasha, uniq_jessica
D:3:      gammafunk_steamed_eel, layout_basic
D:4:      layout_cave_pools
D:5:      layout_rooms, minitemple

Skill      XL: |  1  2  3  4  5  6  7 |
---------------+----------------------+-----
Fighting       | 1 2 3 4 5 |  5.2
Spellcasting   | 3 4 |  4.9
Dodging        | |  2.1
Stealth        | |  1.5

Action                     |  1- 3 |  4- 6 |  7- 9 || total
---------------------------+-------+-------+-------++-------
  Melee: Short sword       |     2 |    12 |     6 ||    20
  Throw: Dart              |       |       |     4 ||     4
   Cast: Sandblast         |    32 |    58 |    45 ||   135
         Shock             |       |     2 |     2 ||     4
         Call Imp          |       |     1 |       ||     1
         Stone Arrow       |       |       |     1 ||     1
         Ignite Poison     |       |       |     1 ||     1
  Evoke: Wand              |       |     4 |       ||     4
    Use: Scroll            |     4 |     3 |     4 ||    11
         Potion            |       |     1 |       ||     1
 Armour: Robe              |     1 |     7 |     7 ||    15
  Dodge: Dodged            |     7 |    32 |    20 ||    59
